 Dungeon Crawl Stone Soup version 0.24.0-123-gd5b16e6ec5 (webtiles) character file.

Game seed: 1253994885162133242, levelgen mode: deterministic

124 sagitran the Shield-Bearer (level 4, 0/38 HPs)
             Began as a Demigod Fighter on Dec 20, 2019.
             Killed from afar by an orc wizard (4 damage)
             ... with a magic dart
             ... on level 3 of the Dungeon.
             The game lasted 00:04:54 (1456 turns).

sagitran the Shield-Bearer (Demigod Fighter)        Turns: 1456, Time: 00:04:56

Health: 0/38       AC:  6    Str: 26    XL:     4   Next: 52%
Magic:  6/6        EV:  5    Int: 17    God:
Gold:   146        SH: 15    Dex: 15    Spells: 3/3 levels left

rFire    . . .     SeeInvis .   a - +0 long sword
rCold    . . .     Gourm    .   j - +0 large shield
rNeg     . . .     Faith    .   b - +0 scale mail
rPois    .         Spirit   .   (no helmet)
rElec    .         Reflect  .   (no cloak)
rCorr    .         Harm     .   (no gloves)
MR       .....                  (no boots)
Stlth    ..........             (no amulet)
HPRegen  0.12/turn              (no ring)
MPRegen  0.10/turn              (no ring)

@: mighty, brilliant
A: high mp 1
a: no special abilities


You were on level 3 of the Dungeon.
You were not hungry.

You visited 1 branch of the dungeon, and saw 3 of its levels.

You collected 146 gold pieces.

Inventory:

Hand Weapons
 a - a +0 long sword (weapon)
Armour
 b - a +0 scale mail (worn)
 c - a +0 shield
 j - a +0 large shield (worn)
Wands
 m - a wand of flame (8)
Scrolls
 e - 3 scrolls of remove curse {unknown}
 g - 4 scrolls of identify {unknown}
 h - a scroll of noise {unknown}
 i - 2 scrolls of enchant weapon {unknown}
 l - 2 scrolls of teleportation {unknown}
Comestibles
 f - 5 rations


   Skills:
 + Level 3.0 Fighting
 + Level 2.7 Long Blades
 + Level 3.5 Armour
 + Level 0.1 Dodging
 + Level 3.7 Shields


You had 3 spell levels left.
You didn't know any spells.
Your spell library was empty.

Dungeon Overview and Level Annotations

Branches:
Dungeon (3/15)


Innate Abilities, Weirdness & Mutations

You have an increased reservoir of magic. (+10% MP)


Message History

It was a potion of brilliance.
You feel clever all of a sudden.
The orc wizard hits you but does no damage.
The orc priest calls down the wrath of Beogh upon you.
Beogh smites you!
* * * LOW HITPOINT WARNING * * *
The orc hits you with a +0 flail.
* * * LOW HITPOINT WARNING * * *
You feel better. You block the orc wizard's attack.
The orc wizard hits you but does no damage.
The orc priest miscasts a cantrip.
Unknown command.
You hit the orc priest but do no damage.
The orc priest is almost dead.
You block the orc wizard's attack. You block the orc's attack.
The orc priest hits you with a +0 hand axe!
* * * LOW HITPOINT WARNING * * *
The orc wizard casts a spell at you. The magic dart hits you.
You die...

#.####†####.......# #.#
#.# ######### ..# #.#
### ##.##### #... ..#
### #..# #.# #.. #..#
#.# ##.#
######..###.###.#####.##
...............o@oo....#
#####.....#.###o##.##..#
##...##.# #... ..
#..###.# #.#...#..
#......# #.#...# .#
##.##### #.. .o.. #
##'## ### .... ##...##
#.## ##..._.## ###.#


You could see an orc priest, 2 orc wizards and an orc.

Vanquished Creatures
  5 adders
  An ooze (D:1)
  4 dart slugs
  2 leopard geckos
  4 orcs (D:3)
  4 giant cockroaches
  9 goblins
  10 hobgoblins
  A quokka (D:3)
  2 ball pythons
  7 bats
  3 frilled lizards
  5 kobolds
  4 rats
61 creatures vanquished.

Notes
Turn   | Place    | Note
-------+----------+-------------------------------------------
     0 | D:1      | sagitran the Demigod Fighter began the quest for the Orb.
     0 | D:1      | Reached XP level 1. HP: 18/18 MP: 3/3
   127 | D:1      | Reached XP level 2. HP: 22/25 MP: 4/4
   314 | D:1      | Reached XP level 3. HP: 28/31 MP: 5/5
   699 | D:2      | Reached XP level 4. HP: 29/38 MP: 6/6
  1309 | D:3      | Found a shadowy altar of Dithmenos.
  1456 | D:3      | Killed from afar by an orc wizard

Levels and vault maps discovered:
D:1:      matt_arrival_diagonals, layout_rooms, minmay_misc_feat_doors
D:2:      layout_loops_ring
D:3:      layout_loops_corners, overflow_temple_1_default,
          minmay_increasing_density

Skill      XL: |  1  2  3 |
---------------+----------+-----
Armour         | 3 |  3.5
Shields        | 3 |  3.7
Fighting       | 3 |  3.0
Long Blades    | 2 |  2.7
Dodging        | |  0.1

Action                   |  1- 3 |  4- 6 || total
-------------------------+-------+-------++-------
Melee: Long sword        |   135 |    54 ||   189
  Use: Potion            |       |     4 ||     4
  Eat: Ration            |       |     1 ||     1
Armor: Scale mail        |    93 |    22 ||   115
Dodge: Dodged            |    60 |     8 ||    68
Block: Shield            |    66 |       ||    66
       Large shield      |    28 |    46 ||    74
       Rpst.: Long sword |    19 |     3 ||    22
